 Dungeon Crawl Stone Soup version 0.27.1-34-g3ba077fa99 (webtiles) character file.

Game seed: 10446858423078075834

65 Ijustatesigmund the Skirmisher (level 4, -4/29 HPs)
             Began as a Gargoyle Fighter on Feb 3, 2022.
             Slain by Crazy Yiuf (5 damage)
             ... on level 2 of the Dungeon.
             The game lasted 00:02:06 (1581 turns).

Ijustatesigmund the Skirmisher (Gargoyle Fighter)   Turns: 1581, Time: 00:02:07

Health: -4/29      AC: 10    Str: 20    XL:     4   Next: 14%
Magic:  4/4        EV:  7    Int:  9    God:
Gold:   1102       SH:  0    Dex:  9    Spells: 3/3 levels left

rFire    . . .     SeeInvis .   a - +1 flail
rCold    . . .     Faith    .   c - +1 kite shield
rNeg     + . .     Spirit   .   b - +0 scale mail
rPois    ∞         Reflect  .   (no helmet)
rElec    +         Harm     .   (no cloak)
rCorr    .         Rampage  .   (no gloves)
Will     .....                  (no boots)
Stlth    ..........             (no amulet)
HPRegen  0.09/turn              (no ring)
MPRegen  0.09/turn              (no ring)

@: confused, mighty
A: sickness immunity, AC +3, negative energy resistance 1, electricity
resistance, torment resistance 1, petrification resistance
a: no special abilities


You were on level 2 of the Dungeon.
You visited 1 branch of the dungeon, and saw 2 of its levels.

You collected 1102 gold pieces.

Inventory:

Hand Weapons
 a - a +1 flail (weapon)
Armour
 b - a +0 scale mail (worn)
 c - a +1 kite shield (worn)
Scrolls
 n - a scroll of teleportation
Potions
 d - a potion of might
 e - a potion of lignification
 f - a potion of ambrosia {unknown}
 i - a potion of heal wounds {unknown}
 k - a potion of attraction {unknown}
 m - a potion of curing {unknown}
 o - a potion of degeneration {unknown}


   Skills:
 + Level 4.0 Fighting
 * Level 3.7 Maces & Flails
 - Level 3.2 Armour
 - Level 3.2 Shields


You had 3 spell levels left.
You didn't know any spells.
Your spell library was empty.

Dungeon Overview and Level Annotations

Branches:
Dungeon (2/15)

Altars:

Annotations:
D:2 Crazy Yiuf


Innate Abilities, Weirdness & Mutations

You are immune to sickness and miasma.
Your stone body is resilient. (AC +3)
You are immune to poison.
You resist negative energy. (rN+)
You are resistant to electric shocks. (rElec)
You are resistant to unholy torment.
You are immune to petrification.


Message History

e - a potion of lignification
As you read the scroll labelled SAPPOA JEHET, it crumbles to dust.
It is a scroll of enchant armour.
Your +0 kite shield glows green for a moment.
As you read the scroll labelled GAROTO ROKOST, it crumbles to dust.
It is a scroll of enchant weapon.
Your +0 flail glows red for a moment.
As you read the scroll labelled YZXUS NYTE, it crumbles to dust.
You feel strangely unstable.
It was a scroll of teleportation.
You start waiting.
Your surroundings suddenly seem different.
This is a scroll of acquirement!
Something appears at your feet!
You now have 1102 gold pieces (gained 997).
Found a mace.
Found a runed translucent door.
Crazy Yiuf shouts!
You open the door. You barely miss Crazy Yiuf.
You block Crazy Yiuf's attack. x2
You closely miss Crazy Yiuf. Crazy Yiuf barely misses you.
You closely miss Crazy Yiuf. Crazy Yiuf barely misses you.
Crazy Yiuf screams, "Castle unthinkable toodlewoodle!"
Crazy Yiuf hits you with a +4 quarterstaff of chaos.
You feel very mighty all of a sudden.
You barely miss Crazy Yiuf.
Crazy Yiuf hits you with a +4 quarterstaff of chaos!
You are confused.
You closely miss Crazy Yiuf. Crazy Yiuf barely misses you.
Crazy Yiuf hits you but does no damage.
You bump into the rock wall.
Crazy Yiuf whimpers, "Orb Orb Guardian Hive!"
Crazy Yiuf barely misses you.
You bump into the rock wall.
Crazy Yiuf hits you with a +4 quarterstaff of chaos.
Crazy Yiuf burns you.
You hit Crazy Yiuf but do no damage.
Crazy Yiuf laughs, "Gum!
Snoogle testudinal King."
Crazy Yiuf hits you with a +4 quarterstaff of chaos!
* * * LOW HITPOINT WARNING * * *
Crazy Yiuf burns you.
You die...

###.......#########...........##.
##.####.....................###
###.#........##...........(..# #
##.....##################.....# #
#..#..## #.....### ..##..#
###########.... ####..#### ###
###.#..#.##....## #..#..#
#...##..#......#....## ###..#..#
#...g@####..........## #.......#
#)..### ##.#.......## #......##
### ####......## #......#
###....## #......# #....#
#......# #....# #......# #...(#
#......# #....# #....[.# ######


You could see Crazy Yiuf.

Vanquished Creatures
  An adder (D:2)
  A worm (D:2)
  5 dart slugs
  2 bats
  4 endoplasms
  A giant cockroach (D:1)
  3 goblins (D:1)
  6 hobgoblins
  A quokka (D:1)
  5 ball pythons
  A frilled lizard (D:1)
  6 kobolds
  6 rats
42 creatures vanquished.

Notes
Turn   | Place    | Note
-------+----------+-------------------------------------------
     0 | D:1      | Ijustatesigmund the Gargoyle Fighter began the quest for
                  | the Orb.
     0 | D:1      | Reached XP level 1. HP: 14/14 MP: 1/1
   297 | D:1      | Reached XP level 2. HP: 19/19 MP: 2/2
   644 | D:1      | Reached XP level 3. HP: 24/24 MP: 3/3
  1030 | D:2      | Reached skill level 4 in Fighting
  1080 | D:2      | Found a faded altar of an unknown god.
  1091 | D:2      | Reached XP level 4. HP: 24/29 MP: 4/4
  1495 | D:2      | Identified a scroll of acquirement
  1495 | D:2      | Acquired 997 gold pieces
  1547 | D:2      | Found a runed translucent door.
  1548 | D:2      | Noticed Crazy Yiuf
  1581 | D:2      | HP: 1/29 [Crazy Yiuf (12)]
  1581 | D:2      | Slain by Crazy Yiuf

Illustrated notes

Levels and vault maps discovered:
D:1:      psy_arrival_conway, layout_basic, hex_large, minmay_pentomino_w2
D:2:      layout_rooms, hellmonk_ecumenical_altar_leap_of_faith,
          uniq_crazy_yiuf_cottage

Skill      XL: |  1  2  3 |
---------------+----------+-----
Maces & Flails | 3 |  3.7
Fighting       | 4 |  4.0
Armour         | |  3.2
Shields        | |  3.2

Action                   |  1- 3 |  4- 6 || total
-------------------------+-------+-------++-------
Melee: Flail             |   110 |    31 ||   141
  Use: Scroll            |       |     6 ||     6
Armor: Scale mail        |    72 |     8 ||    80
Dodge: Dodged            |    46 |    15 ||    61
Block: Kite shield       |    70 |    18 ||    88
